Map: Eastwatch LE

Players

NewParadigm

  • Race: Terran Terran
  • League: Diamond
  • Spawn Location: 1:00

DerZerFetzer - Winner!

  • Race: Zerg Zerg
  • League: Master
  • Spawn Location: 7:00

VOD

Have the link to the VOD?

Description

zvt 6ling,3ravager,macro vs reaper expand into highground bunker tank

Time

  • Played on: Feb. 12, 2018, 2:53 p.m.
  • Length: 11:18
Show
View Real Time Build Order
Export as new Build Order

NewParadigm Terran 

Build Orders: Reaper Expand, MMM Bio 

Get SALT Encoding   

  12  0:01  SCV  
  13  0:13  SCV  
  14  0:17  Supply Depot  
  14  0:25  SCV  
  15  0:38  SCV  
  15  0:41  Barracks  
  16  0:44  Refinery  
  16  0:51  SCV  
  17  1:03  SCV  
  18  1:19  SCV  
  19  1:29  Reaper  
  19  1:31  Orbital Command  
  20  1:47  Supply Depot  
  20  1:55  Command Center  
  20  1:57  SCV  
  20  2:01  Marine  
  22  2:11  Bunker  
  22  2:19  Marine  
  23  2:25  Bunker  
  22  2:30  SCV  
  23  2:38  Marine  
  23  2:42  SCV  
  23  2:43  Factory  
  25  2:53  Bunker  
  25  2:54  Bunker  
  25  2:57  Marine  
  26  3:07  Orbital Command  
  26  3:08  SCV  
  26  3:17  Marine  
  27  3:22  Barracks  
  25  3:42  Marine  
  25  3:44  Factory Tech Lab  
  25  3:45  Barracks  
  26  3:53  SCV x2  
  28  4:05  SCV  
  28  4:09  Marine  
  26  4:17  SCV x2  
  26  4:18  Siege Tank  
  30  4:29  SCV  
  28  4:36  Marine  
  28  4:37  Bunker  
  29  4:39  Marine  
  30  4:58  Marine, SCV  
  30  5:04  Supply Depot  
  30  5:05  Supply Depot  
  30  5:08  Supply Depot  
  30  5:16  Supply Depot, Barracks Tech Lab  
  30  5:25  Siege Tank, Marine x2, SCV x2  
  37  5:35  Marine, Stimpack  
  38  5:39  SCV x2  
  40  5:44  Barracks Tech Lab  
  40  5:45  Marine  
  41  5:50  Refinery  
  41  6:05  Orbital Command  
  41  6:15  Marauder  
  41  6:16  Marine  
  44  6:18  Command Center  
  44  6:28  Refinery  
  44  6:30  Marine  
  45  6:33  SCV  
  45  6:35  SCV  
  45  6:39  Refinery  
  47  6:41  Marine, Marauder  
  50  6:47  SCV  
  50  6:48  SCV  
  50  6:49  Marine  
  53  7:01  Combat Shields  
  53  7:03  SCV x2  
  55  7:13  Marine x3  
  55  7:15  SCV x2  
  60  7:23  Supply Depot  
  60  7:26  Siege Tank, Supply Depot  
  60  7:29  Engineering Bay x2  
  63  7:31  Orbital Command, Supply Depot  
  63  7:32  Supply Depot  
  63  7:34  SCV x2  
  63  7:36  Marine, Barracks Reactor  
  66  7:39  Marine  
  67  7:46  SCV  
  67  7:48  SCV  
  69  7:58  SCV  
  69  7:59  Supply Depot  
  69  8:00  Supply Depot  
  70  8:11  Bunker, Marauder  
  70  8:12  Marauder  
  74  8:16  Supply Depot  
  74  8:22  Orbital Command  
  74  8:31  Marine x2  
  74  8:32  Siege Tank, Marauder  
  57  8:38  Starport  
  57  8:40  Concussive Shells  
  59  8:41  Marauder  
  59  8:54  Marauder  
  60  9:12  Marine  
  60  9:13  Marine, Marauder  
  56  9:25  SCV x3  
  56  9:27  Siege Tank  
  56  9:28  Marine  
  56  9:30  Marine x2  
  63  9:34  Marauder  
  63  9:37  SCV  
  66  9:41  Starport Reactor  
  66  9:44  Barracks  
  66  9:46  SCV, Marauder  
  66  9:47  SCV  
  66  9:49  SCV  
  71  9:58  SCV  
  65  10:04  SCV  
  59  10:11  SCV  
  58  10:16  Marine x2, SCV  
  58  10:17  Marauder x2  
  58  10:19  Medivac x2  
  58  10:21  Siege Tank  
  36  10:34  Marine x2  
  34  10:35  Unknown  
  34  10:36  Unknown  
  34  10:38  Marauder x2  
  34  10:40  Marine  
  32  10:52  Marine x2  
  32  10:57  Unknown  
  32  10:58  Marine  
  32  10:59  Marine x2  
Show
View Real Time Build Order
Export as new Build Order

DerZerFetzer Zerg - Winner!

Build Orders: Pool First 

Get SALT Encoding   

  12  0:01  Drone  
  13  0:09  Extractor  
  13  0:11  Drone  
  13  0:16  Drone  
  14  0:35  Spawning Pool  
  13  0:36  Drone  
  14  0:47  Overlord  
  14  0:57  Drone, Extractor  
  15  1:05  Drone  
  16  1:21  Zergling x2  
  16  1:22  Zergling x4  
  19  1:26  Roach Warren  
  18  1:34  Overlord  
  18  1:46  Queen  
  20  2:06  Roach x3  
  26  2:29  Ravager  
  29  2:30  Ravager x2  
  28  2:44  Overlord  
  28  2:58  Hatchery  
  28  3:01  Queen  
  29  3:17  Drone x3  
  32  3:21  Drone  
  31  3:55  Drone x6  
  37  4:04  Metabolic Boost  
  37  4:24  Drone x4  
  41  4:40  Drone x3  
  44  4:47  Overlord  
  44  5:08  Hatchery  
  44  5:09  Extractor, Lair  
  42  5:15  Queen  
  44  5:22  Drone  
  44  5:23  Drone x7  
  44  5:26  Overlord  
  52  5:42  Baneling Nest  
  51  5:48  Drone  
  52  5:50  Pneumatized Carapace  
  52  5:55  Zergling x2  
  52  5:56  Zergling x14  
  60  6:05  Extractor  
  60  6:06  Overlord x2, Extractor  
  60  6:09  Evolution Chamber x2  
  56  6:23  Queen  
  59  6:25  Drone x2  
  59  6:26  Drone x2  
  59  6:27  Drone x2  
  59  6:28  Drone x3  
  67  6:35  Zerg Melee Weapons Level 1, Zerg Ground Armor Level 1  
  67  6:38  Drone  
  67  6:39  Drone  
  69  6:41  Drone  
  70  6:58  Zergling x2  
  70  6:59  Zergling x16  
  79  7:02  Spore Crawler  
  79  7:05  Spore Crawler  
  77  7:16  Overseer  
  77  7:21  Zergling x2  
  77  7:22  Zergling x8  
  82  7:50  Overlord x3  
  82  7:51  Overlord x5  
  82  7:52  Overlord x2  
  82  7:53  Overlord  
  82  7:56  Centrifical Hooks  
  82  8:04  Baneling x9  
  82  8:12  Zergling x8  
  86  8:15  Baneling x4  
  86  8:16  Baneling x2  
  86  8:18  Baneling  
  86  8:21  Zergling x2  
  86  8:22  Zergling x4  
  84  8:29  Zergling x2  
  84  8:30  Zergling x6  
  78  8:41  Drone  
  78  8:42  Drone x6  
  78  8:44  Drone  
  79  9:10  Zergling x12  
  79  9:11  Zergling x22  
  91  9:20  Zergling x2  
  89  9:30  Zergling x6  
  82  9:46  Infestation Pit  
  79  10:04  Zergling x2  
  79  10:05  Zergling x22  
  79  10:06  Extractor x2  
  86  10:16  Zergling x12  
  86  10:17  Zergling x4  
  85  10:39  Drone x3  
  85  10:40  Drone x3  
  85  10:41  Drone x2  
  85  10:42  Drone x3  
  89  11:10  Hatchery  
Tags
 
Add a new tag
Caveats
  • Supply blocks, unpowered buildings, or Contaminate may cause inaccurate times.
  • Supply counts are checked every 10 seconds.